 Dungeon Crawl Stone Soup version 0.23.2-33-g5129a83 (webtiles) character file.

Game seed: 5866248321477205525

52 DrKleor the Chiller (level 3, -3/24 HPs)
             Began as a Mummy Ice Elementalist on July 29, 2019.
             Slain by a bullfrog (5 damage)
             ... on level 2 of the Dungeon.
             The game lasted 00:05:12 (1611 turns).

DrKleor the Chiller (Mummy Ice Elementalist)        Turns: 1611, Time: 00:05:12

Health: -3/24      AC:  2    Str: 11    XL:     3   Next: 60%
Magic:  0/7        EV: 12    Int: 15    God:
Gold:   73         SH:  0    Dex: 12    Spells: 4/7 levels left

rFire    x . .     SeeInvis .   c - +0 dagger
rCold    + . .     Gourm    .   (no shield)
rNeg     + + +     Faith    .   a - +0 robe
rPois    ∞         Spirit   .   (no helmet)
rElec    .         Reflect  .   (no cloak)
rCorr    .         Harm     .   (no gloves)
MR       .....                  (no boots)
Stlth    ++........             (no amulet)
HPRegen  0.08/turn              (no ring)
MPRegen  0.10/turn              (no ring)

@: very slightly contaminated
A: no food or potions, fire vulnerability, cold resistance 1, negative energy
resistance 3, torment resistance, unbreathing
a: no special abilities


You were on level 2 of the Dungeon.
You were not hungry.

You visited 1 branch of the dungeon, and saw 2 of its levels.

You collected 73 gold pieces.

Inventory:

Hand Weapons
 c - a +0 dagger (weapon)
Armour
 a - a +0 robe (worn)
 f - a +0 buckler
Scrolls
 b - 3 scrolls of identify {unknown}
 d - a scroll of magic mapping {unknown}
 e - a scroll of blinking {unknown}


   Skills:
 - Level 1.5 Dodging
 - Level 1.5 Stealth
 - Level 2.6 Spellcasting
 + Level 1.4 Conjurations
 + Level 3.5 Ice Magic


You had 4 spell levels left.
You knew the following spells:

 Your Spells              Type           Power        Failure   Level  Hunger
a - Freeze                Ice            ##..         4%          1    N/A
b - Throw Frost           Conj/Ice       #.....       11%         2    N/A

Your spell library contained the following spells:

 Spells                   Type           Power        Failure   Level  Hunger
 Ozocubu's Armour         Chrm/Ice       #.......     30%         3    N/A
 Throw Icicle             Conj/Ice       #.......     58%         4    N/A
 Summon Ice Beast         Ice/Summ       #.......     69%         4    N/A

Dungeon Overview and Level Annotations

Branches:
Dungeon (2/15)

Altars:
Fedhas
Kikubaaqudgha


Innate Abilities, Weirdness & Mutations

You do not eat or drink.
Your flesh is vulnerable to fire.
You are immune to poison.
Your flesh is cold resistant. (rC+)
You are immune to negative energy. (rN+++)
You are immune to unholy pain and torment.
You can survive without breathing.


Message History

Press: ? - help, Shift-Dir - straight line, f/p - bullfrog
Aim: a bullfrog (severely wounded, slow)
You miscast Freeze.
Nothing appears to happen.
The bullfrog hits you.
You hit the bullfrog.
The bullfrog is severely wounded.
The bullfrog hits you.
You closely miss the bullfrog.
The bullfrog is severely wounded.
The bullfrog hits you!
* * * LOW HITPOINT WARNING * * *
The rat twitches its whiskers.
Casting: Freeze (safe; 4% risk of failure)
Confirm with . or Enter, or press ? or * to list all spells.
Aiming: Freeze (safe; 4% risk of failure)
Press: ? - help, Shift-Dir - straight line, f/p - bullfrog
Aim: a bullfrog (severely wounded, slow)
You freeze the bullfrog.
The bullfrog is almost dead.
The bullfrog hits you.
You die...

..##.. #.......
....# #.......
#..># #....... #
#...# #.......
##.#...# #.......
#$.....# #.......
#..# #.# ##......
#rF## #.# ##.....
##.@####.## ###...
#........######.>.#
#.###...[..........
#..........#####.##
####.............#
#........######
##....[###
##.....## #.......#


You could see a bullfrog and a rat.

Vanquished Creatures
  An adder (D:2)
  An ooze (D:1)
  A dart slug (D:1)
  A leopard gecko (D:1)
  6 bats
  3 giant cockroaches
  A goblin (D:1)
  5 hobgoblins (D:1)
  2 frilled lizards (D:1)
  8 kobolds (D:1)
  8 rats
  A plant (D:1)
38 creatures vanquished.

Notes
Turn   | Place    | Note
-------+----------+-------------------------------------------
     0 | D:1      | DrKleor the Mummy Ice Elementalist began the quest for the
                  | Orb.
     0 | D:1      | Reached XP level 1. HP: 13/13 MP: 4/4
   284 | D:1      | Reached skill level 3 in Ice Magic
   284 | D:1      | Reached XP level 2. HP: 19/19 MP: 3/5
   550 | D:1      | Learned a level 2 spell: Throw Frost
   727 | D:1      | Reached skill level 1 in Conjurations
   836 | D:1      | Reached XP level 3. HP: 24/24 MP: 4/7
  1379 | D:2      | Found a blossoming altar of Fedhas.
  1380 | D:2      | Found an ancient bone altar of Kikubaaqudgha.
  1597 | D:2      | Noticed a bullfrog
  1611 | D:2      | Slain by a bullfrog

Skill      XL: |  1  2 |
---------------+-------+-----
Ice Magic      | 3 |  3.5
Conjurations   | 1 |  1.4
Dodging        | |  1.5
Stealth        | |  1.5
Spellcasting   | |  2.6

Action                   || total
-------------------------++-------
Melee: Dagger            ||    76
 Cast: Freeze            ||    49
 Stab: Sleeping          ||     6
Armor: Robe              ||    21
Dodge: Dodged            ||    77
